 Dungeon Crawl Stone Soup version 0.31.0-11-ge490571c62 (webtiles) character file.

Game seed: 12929378147336548406

202 jasper the Chopper (level 5, -1/41 HPs)
             Began as a Ghoul Gladiator on Jan 30, 2024.
             Incinerated by a bombardier beetle (2 damage)
             ... with a burning spray
             ... on level 3 of the Dungeon.
             The game lasted 00:03:47 (2454 turns).

jasper the Chopper (Ghoul Gladiator)                Turns: 2454, Time: 00:03:47

Health: -1/41      AC:  8    Str: 20    XL:     5   Next: 80%
Magic:  5/5        EV: 10    Int:  7    God:
Gold:   112        SH:  0    Dex: 16    Spells: 4/4 levels left

rFire   . . .        n - +0 hand axe
rCold   + + .        (no shield)
rNeg    + + +        k - +0 scale mail
rPois   ∞            c - +0 helmet
rElec   .            (no cloak)
rCorr   .            s - +0 pair of gloves
SInv    .            (no boots)
Will    .....        (no amulet) Stlth
                     q - +6 ring of dexterity
HPRegen 0.00/turn    i - ring of protection from cold
MPRegen 0.09/turn

%: no passive effects
@: on fire, inhibited regen, glowing
A: claws 1, cold resistance 1, negative energy resistance 3, inhibited
regeneration, torment resistance 2, devour on kill
a: no special abilities


You were on level 3 of the Dungeon.
You visited 1 branch of the dungeon, and saw 3 of its levels.

You collected 112 gold pieces.

Inventory:

Hand Weapons
 a - a +0 war axe
 n - a +0 hand axe (weapon)
 o - a +0 flail
Missiles
 d - 3 throwing nets (quivered)
 e - 7 javelins
 f - 45 stones
 m - 5 poisoned darts
 r - 2 silver javelins
Armour
 b - a +0 leather armour
 c - a +0 helmet (worn)
 k - a +0 scale mail (worn)
 s - a +0 pair of gloves (worn)
Jewellery
 i - a ring of protection from cold (right hand)
 l - a ring of fire
 q - a +6 ring of dexterity (left hand)
Scrolls
 g - 3 scrolls of identify
 h - 2 scrolls of immolation
Potions
 j - 3 potions of curing
 p - a potion of might {unknown}


   Skills:
 - Level 2.1 Fighting
 + Level 5.7 Axes
 - Level 1.7 Throwing
 - Level 2.6 Dodging


You had 4 spell levels left.
You didn't know any spells.
Your spell library was empty.

Dungeon Overview and Level Annotations

Branches:
Dungeon (3/15)

Altars:


Innate Abilities, Weirdness & Mutations

You are immune to poison.
You have sharp fingernails.
Your flesh is cold resistant. (rC+)
You are immune to negative energy. (rN+++)
You do not regenerate when monsters are visible.
You are immune to unholy pain and torment.
You thrive by killing the living.


Message History

You hit the bombardier beetle but do no damage.
The bombardier beetle is moderately wounded.
The liquid fire burns you!
The bombardier beetle bites you but does no damage.
You hit the bombardier beetle.
The bombardier beetle is heavily wounded.
The liquid fire burns you!
You barely miss the bombardier beetle.
The bombardier beetle is heavily wounded.
The liquid fire burns you!
The bombardier beetle sprays incendiary fluid at you.
The burning spray hits you.
You are even more covered in liquid fire!
You hit the bombardier beetle but do no damage.
The bombardier beetle is heavily wounded.
The liquid fire burns you!
You hit the bombardier beetle.
The bombardier beetle is severely wounded.
The liquid fire burns you! The bombardier beetle bites you.
You hit the bombardier beetle but do no damage.
The bombardier beetle is severely wounded.
The liquid fire burns you!
* * * LOW HITPOINT WARNING * * *
The bombardier beetle sprays incendiary fluid at you.
The burning spray hits you.
You are even more covered in liquid fire!
You shake off some of the fire as you move.
The liquid fire burns you!
* * * LOW HITPOINT WARNING * * *
You see here an adder corpse.
You shake off some of the fire as you move.
The liquid fire burns you!
* * * LOW HITPOINT WARNING * * *
The bombardier beetle sprays incendiary fluid at you.
The burning spray hits you.
You are even more covered in liquid fire!
You shake off some of the fire as you move.
The liquid fire burns you!
You die...

# .#...# #.
S...# ## #..
...## ..# ....
... #.#
#....##.# #.#
#.......#
##+#.#
#######.#
....[#
############B#
.....#
#........@.†.#
.....#
#.############
...#.###.#
.#.#.....#
)#########
.....######
###.......#
###.......#
..........#


You could see a bombardier beetle.

Vanquished Creatures
  Natasha (thrice) (D:3)
  3 gnolls
  3 adders
  2 ufetubi (D:3)
  3 ribbon worms (D:2)
  2 orcs (D:3)
  5 bats
  6 endoplasms
  A giant cockroach (D:3)
  4 goblins
  4 hobgoblins
  9 kobolds
  3 quokkas
  4 ball pythons
  5 rats
57 creatures vanquished.

Notes
Turn   | Place    | Note
-------+----------+-------------------------------------------
     0 | D:1      | jasper the Ghoul Gladiator began the quest for the Orb.
     0 | D:1      | Reached XP level 1. HP: 17/17 MP: 1/1
   155 | D:1      | Reached skill level 3 in Axes
   207 | D:1      | Reached XP level 2. HP: 21/24 MP: 2/2
   656 | D:2      | Reached XP level 3. HP: 26/29 MP: 3/3
   846 | D:2      | Reached skill level 4 in Axes
  1112 | D:2      | Reached XP level 4. HP: 24/36 MP: 4/4
  1867 | D:3      | Reached skill level 5 in Axes
  2002 | D:3      | Noticed Natasha
  2014 | D:3      | Killed Natasha
  2015 | D:3      | Reached XP level 5. HP: 31/41 MP: 5/5
  2019 | D:3      | Noticed Natasha
  2034 | D:3      | Killed Natasha
  2067 | D:3      | Noticed Natasha
  2177 | D:3      | Found a faded altar of an unknown god.
  2235 | D:3      | Killed Natasha
  2453 | D:3      | HP: 1/41 [burnt (6)]
  2454 | D:3      | Incinerated by a bombardier beetle

Illustrated notes

Levels and vault maps discovered:
D:1:      lightli_arrival_noodles, layout_rooms
D:2:      layout_loops_ring, minmay_misc_feat_hallway, minmay_misc_feat_ornament
D:3:      layout_basic, shapermc_ecumenical_altar_mp_ritualfount, uniq_natasha

Skill      XL: |  1  2  3  4 |
---------------+-------------+-----
Axes           | 3 4 5 |  5.7
Fighting       | |  2.1
Throwing       | |  1.7
Dodging        | |  2.6

Action                     |  1- 3 |  4- 6 || total
---------------------------+-------+-------++-------
  Melee: War axe           |    62 |       ||    62
         Hand axe          |    62 |   106 ||   168
         Punch             |     1 |     3 ||     4
    Use: Scroll            |       |     6 ||     6
         Potion            |       |     1 ||     1
 Armour: Leather armour    |     8 |       ||     8
         Scale mail        |    70 |    91 ||   161
  Dodge: Dodged            |    95 |    72 ||   167
